 Dungeon Crawl Stone Soup version 0.32-a0-450-g080537f31e (webtiles) character file.

Game seed: 6005318978089875930

71 Armakuni the Twirler (level 4, 33/33 HPs)
             Began as a Coglin Gladiator on Feb 22, 2024.
             Quit the game on level 2 of the Dungeon on Feb 24, 2024.
             The game lasted 00:06:01 (1606 turns).

Armakuni the Twirler (Coglin Gladiator)             Turns: 1606, Time: 00:06:01

Health: 33/33      AC: 10    Str: 17    XL:     4   Next: 24%
Magic:  4/4        EV: 12    Int:  7    God:
Gold:   125        SH:  0    Dex: 15    Spells: 3/3 levels left

rFire   . . .        h - +3 whip {Edmée}
rCold   . . .        s - +0 falchion {Frauke}
rNeg    . . .        b - +0 leather armour
rPois   .            c - +0 helmet
rElec   .            j - +0 cloak
rCorr   .            f - +3 pair of gauntlets of War {Slay+5}
SInv    .            p - +0 pair of boots
Will    .....        G - amulet of guardian spirit
Stlth   +            (no ring)
HPRegen 0.25/turn    (no ring)
MPRegen 0.09/turn

%: guardian spirit
@: no status effects
A: off-hand wielding, slow wielding, warmup strikes, legs shutdown
a: no special abilities


You were on level 2 of the Dungeon.
You visited 1 branch of the dungeon, and saw 2 of its levels.

You collected 125 gold pieces.

Inventory:

Hand Weapons
 a - a +0 quarterstaff {Hua}
 h - a +3 whip (weapon) {Edmée}
 s - a +0 falchion (offhand) {Frauke}
Missiles
 d - 3 throwing nets (quivered)
 e - a javelin
Armour
 b - a +0 leather armour (worn)
 c - a +0 helmet (worn)
 f - the +3 pair of gauntlets of War (worn) {Slay+5}
   (You acquired it on level 2 of the Dungeon)

   Slay+5:    It affects your accuracy & damage with ranged weapons and melee
   (+5).
 j - a +0 cloak (worn)
 m - a +0 ring mail
 p - a +0 pair of boots (worn)
Jewellery
 k - an amulet of faith
 G - an amulet of guardian spirit (around neck)
Scrolls
 i - a scroll of teleportation
 n - a scroll of vulnerability {unknown}
 q - a scroll of revelation
 r - a scroll of enchant armour {unknown}
Potions
 g - 2 potions of curing
 l - 2 potions of ambrosia
 o - 2 potions of heal wounds {unknown}


   Skills:
 - Level 2.0 Fighting
 + Level 4.5 Staves
 - Level 1.7 Throwing
 - Level 2.6 Dodging


You had 3 spell levels left.
You didn't know any spells.
Your spell library contained the following spells:

 Spells                   Type           Power      Damage    Failure   Level
 Static Discharge         Conj/Air       0%         3-3/arc   65%         2
 Sublimation of Blood     Necr           0%         N/A       65%         2
 Airstrike                Air            0%         2d(0-16)  99%         4
 Petrify                  Alch/Erth      0%         N/A       99%         4
 Summon Lightning Spire   Summ/Air       0%         N/A       99%         4
 Irradiate                Conj/Alch      0%         3d11      100%        5


Dungeon Overview and Level Annotations

Branches:
Dungeon (2/15)

Altars:

Shops:
D:1 *


Innate Abilities, Weirdness & Mutations

You can wield a second weapon in your off-hand.
It takes a long time for you to wield or remove held weapons.
Your first few attacks do less damage.
Attacking and casting redirects power from your legs.


Message History

Found a stone staircase leading up.
A ribbon worm comes into view.
The ribbon worm expels a string of sticky webbing.
The stream of webbing hits you but does no damage.
You are caught in a web!
There is a web here.
The web tears apart.
You hit the ribbon worm.
The ribbon worm is moderately wounded.
The ribbon worm closely misses you.
You sock the ribbon worm!
The ribbon worm is almost dead.
The ribbon worm closely misses you.
You barely miss the ribbon worm.
The ribbon worm is severely wounded.
The ribbon worm expels a string of sticky webbing.
The stream of webbing hits you but does no damage.
You are caught in a web!
The web tears apart.
You are no longer unable to travel.
You hit the ribbon worm.
You kill the ribbon worm!
You see here a ribbon worm corpse.
You now have 125 gold pieces (gained 17).
You see here a +0 cloak.
You start parting from your weapon.
You continue parting from your +0 quarterstaff {Hua}. x4
You whisper farewell to Hua.
You finish parting from your +0 quarterstaff {Hua}.
You start attuning to your weapon.
You continue attuning to your +3 whip {Edmée}. x5
You finish attuning to your +3 whip {Edmée}.
You welcome your +3 whip "Edmée" back into your grasp.
You see here a +0 falchion.
s - a +0 falchion You start attuning to your weapon.
You continue attuning to your +0 falchion. x4
You finish attuning to your +0 falchion.
You welcome your +0 falchion "Frauke" into your grasp.
Are you sure you want to abandon this character and quit the game? (Confirm with "yes".)

.#...[.# #.#.##..# #....# #.
.#.....# #.#.##..# #.##.## #.
.#(....###...##..###.##..#######.
.#.........#.##....#.............
.##....#...#....##.######...#####
.##....#.#.###..##...............
.##......#......###########.####.
.#####.#.###.............##..###.
####...#.....#..@......#.###..##.
.....#.###.#.#.##....#.#.#.......
.....#.....#.#.##....#.#.#.####..
.....###.......##....#.#.#.# #..
..........#..####....#...#<# #..
.....######..####..####''#### #.#
.....# #.......##≈≈≈..≈≈≈###..
###### #.#######≈≈......≈≈##..
#.# ##≈≈...♣♣...≈≈##.


There were no monsters in sight!

Vanquished Creatures
  An orc priest (D:2)
  A ribbon worm (D:2)
  A dart slug (D:2)
  2 orcs (D:2)
  5 ball pythons (D:1)
  6 bats
  4 endoplasms
  A giant cockroach (D:1)
  3 goblins
  A hobgoblin (D:1)
  4 kobolds
  2 frilled lizards
  2 rats (D:1)
33 creatures vanquished.

Notes
Turn   | Place    | Note
-------+----------+-------------------------------------------
     0 | D:1      | Armakuni the Coglin Gladiator began the quest for the Orb.
     0 | D:1      | Reached XP level 1. HP: 16/16 MP: 1/1
    73 | D:1      | Reached skill level 3 in Staves
   115 | D:1      | Reached XP level 2. HP: 15/22 MP: 0/2
   398 | D:1      | Found Ewnaoged's Assorted Antiques.
   676 | D:1      | Reached XP level 3. HP: 27/27 MP: 3/3
   975 | D:2      | Identified a scroll of acquirement
   975 | D:2      | Acquired the +3 pair of gauntlets of War {Slay+5}
   975 | D:2      | Found the +3 pair of gauntlets of War {Slay+5}
  1154 | D:2      | Upgraded the game from 0.32-a0-433-g08bcfe7efd to
                  | 0.32-a0-450-g080537f31e
  1180 | D:2      | Reached skill level 4 in Staves
  1180 | D:2      | Reached XP level 4. HP: 13/33 MP: 1/4
  1606 | D:2      | Quit the game

Illustrated notes

Levels and vault maps discovered:
D:1:      orjb1_clovarrival, layout_loops_ring, serial_shops, shop,
          columned_hall_lemuel
D:2:      cheibrodos_pilgrimage, layout_basic, hangedman_abyss_or_decor_stabs,
          kennysheep_cross_room, serial_park_tiny_1, minmay_misc_feat_tiny,
          minmay_pentomino_s2

Skill      XL: |  1  2  3 |
---------------+----------+-----
Staves         | 3 4 |  4.5
Fighting       | |  2.0
Throwing       | |  1.7
Dodging        | |  2.6

Action                     |  1- 3 |  4- 6 || total
---------------------------+-------+-------++-------
  Melee: Quarterstaff      |    67 |    13 ||    80
    Use: Scroll            |     7 |       ||     7
 Armour: Leather armour    |    37 |     4 ||    41
  Dodge: Dodged            |    48 |     7 ||    55

Table legend: (Time is in decaauts)
 A = Elapsed time spent in this place.
 B = Non-inter-level travel time spent in this place.
 C = Inter-level travel time spent in this place.
 D = Time resting spent in this place.
 E = Time spent auto-exploring this place.
 F = Levels seen in this place.
 G = Mean time per level.
                   A        B        C        D        E       F      G
               +--------+--------+--------+--------+--------+-----+--------+
         Total |   1632 |   1612 |     20 |      0 |   1140 |   2 |  816.0 |
       Dungeon |   1632 |   1612 |     20 |      0 |   1140 |   2 |  816.0 |
               +--------+--------+--------+--------+--------+-----+--------+

Top non-repeatable levels by time:
     D:1: 834 daAuts
     D:2: 797 daAuts
